[ AOE2 MATCH · #504688625 ]
UnrankedTatars vs Lithuanians
Player's team · LOSS
[ REPLAY ANALYSIS · EXTRACTED FROM THE RECORDED GAME ]
Feudal
8:57
Castle
26:32
Imperial
42:42
| APM avg | 59.3 |
| APM peak | 89 |
| eAPM avg | 32.4 |
| Villagers / military | 261 / 424 |
Focus
⚔️ 46.8% · 🌾 53.2%
Scout Cavalry ×124 · Camel Scout ×122 · Cavalry Archer ×53 · Spearman ×50 · Skirmisher ×30 · Keshik ×29
Feudal
10:42
Castle
26:13
Imperial
39:15
| APM avg | 54.9 |
| APM peak | 94 |
| eAPM avg | 32.1 |
| Villagers / military | 265 / 472 |
Focus
⚔️ 43.0% · 🌾 57.0%
Knight ×184 · Spearman ×114 · Skirmisher ×102 · Archer ×32 · Trebuchet (Packed) ×27 · Monk ×7
Match map
Initial resources + every placement click. Lines = walls · curves = elevation contours. ◆ gold · ⬟ stone · ● berries · ✦ relic · ◌ wall gap
Your base· Open — opponent sealed themselves in
Edutosu's base· ✓ Closed at 26:13 · 41t walls · 1 gate(s)
Smoothed initial terrain · ◌ = detected wall gap · hover for details
Inputs per minute
— Butterfly - - Edutosu
Build order — Butterfly
First 150 of 1030 actions detected
| 0:01 | Queue | Villager (Male) |
| 0:01 | Queue | Villager (Male) |
| 0:02 | Build | House |
| 0:03 | Build | House |
| 0:06 | Queue | Villager (Male) |
| 0:23 | Queue | Villager (Male) |
| 0:23 | Queue | Villager (Male) |
| 1:30 | Queue | Villager (Male) |
| 1:30 | Queue | Villager (Male) |
| 1:48 | Queue | Villager (Male) |
| 1:57 | Build | Lumber Camp |
| 2:25 | Queue | Villager (Male) |
| 2:25 | Queue | Villager (Male) |
| 2:50 | Queue | Villager (Male) |
| 2:50 | Queue | Villager (Male) |
| 3:21 | Queue | Villager (Male) |
| 3:21 | Queue | Villager (Male) |
| 3:30 | Queue | Villager (Male) |
| 3:31 | Queue | Villager (Male) |
| 3:46 | Research | Loom |
| 3:53 | Build | House |
| 4:23 | Build | House |
| 4:42 | Queue | Villager (Male) |
| 4:45 | Queue | Villager (Male) |
| 4:58 | Build | Mill |
| 5:00 | Queue | Villager (Male) |
| 5:49 | Queue | Villager (Male) |
| 6:15 | Queue | Villager (Male) |
| 6:43 | Research | Feudal Age |
| 7:40 | Queue | Villager (Male) |
| 8:15 | Build | Barracks |
| 8:16 | Build | Palisade Gate |
| 8:34 | Build | Palisade Wall |
| 8:36 | Build | Palisade Wall |
| 8:39 | Build | Palisade Wall |
| 8:40 | Build | Palisade Wall |
| 8:42 | Build | Palisade Wall |
| 8:43 | Build | Palisade Wall |
| 8:43 | Build | Palisade Wall |
| 8:57 | Age | Feudal Age |
| 9:24 | Queue | Villager (Male) |
| 9:32 | Build | Stable |
| 9:38 | Queue | Villager (Male) |
| 9:46 | Queue | Villager (Male) |
| 9:52 | Queue | Villager (Male) |
| 9:59 | Build | House |
| 10:10 | Queue | Villager (Male) |
| 10:22 | Build | House |
| 10:33 | Queue | Scout Cavalry |
| 10:37 | Build | Palisade Wall |
| 10:49 | Build | Palisade Wall |
| 10:49 | Build | Palisade Wall |
| 10:50 | Build | Palisade Wall |
| 10:54 | Build | House |
| 11:02 | Queue | Scout Cavalry |
| 11:10 | Build | Farm |
| 11:12 | Build | Farm |
| 11:19 | Queue | Scout Cavalry |
| 11:21 | Queue | Villager (Male) |
| 11:41 | Build | Farm |
| 11:49 | Queue | Villager (Male) |
| 12:06 | Build | Palisade Wall |
| 12:09 | Queue | Villager (Male) |
| 12:11 | Build | Palisade Wall |
| 12:15 | Build | Farm |
| 12:21 | Queue | Scout Cavalry |
| 12:28 | Build | Palisade Wall |
| 12:29 | Build | Palisade Wall |
| 12:36 | Build | Palisade Wall |
| 12:37 | Build | Palisade Wall |
| 12:39 | Build | Palisade Wall |
| 12:46 | Queue | Villager (Male) |
| 12:56 | Queue | Scout Cavalry |
| 13:06 | Queue | Villager (Male) |
| 13:08 | Build | Palisade Wall |
| 13:16 | Queue | Villager (Male) |
| 13:21 | Build | Archery Range |
| 13:24 | Queue | Villager (Male) |
| 13:35 | Queue | Villager (Male) |
| 13:51 | Queue | Villager (Male) |
| 13:56 | Build | Farm |
| 14:07 | Queue | Villager (Male) |
| 14:09 | Build | Farm |
| 14:09 | Queue | Archer |
| 14:14 | Queue | Villager (Male) |
| 14:26 | Queue | Villager (Male) |
| 14:33 | Build | Mining Camp |
| 14:40 | Queue | Skirmisher |
| 14:59 | Queue | Villager (Male) |
| 15:05 | Build | House |
| 15:33 | Queue | Villager (Male) |
| 15:53 | Queue | Villager (Male) |
| 15:57 | Build | Farm |
| 15:58 | Build | Farm |
| 16:07 | Build | Lumber Camp |
| 16:12 | Queue | Villager (Male) |
| 16:19 | Queue | Scout Cavalry |
| 16:21 | Build | House |
| 16:22 | Build | Palisade Wall |
| 16:29 | Queue | Archer |
| 16:50 | Queue | Scout Cavalry |
| 16:53 | Build | House |
| 16:54 | Build | Palisade Wall |
| 16:59 | Queue | Scout Cavalry |
| 17:00 | Queue | Villager (Male) |
| 17:03 | Build | Palisade Wall |
| 17:06 | Build | Palisade Wall |
| 17:18 | Build | Lumber Camp |
| 17:22 | Queue | Villager (Male) |
| 17:35 | Queue | Villager (Male) |
| 17:46 | Build | Farm |
| 17:47 | Queue | Skirmisher |
| 17:48 | Queue | Villager (Male) |
| 18:07 | Queue | Villager (Male) |
| 18:09 | Build | House |
| 18:13 | Build | House |
| 18:17 | Queue | Villager (Male) |
| 18:20 | Queue | Archer |
| 18:23 | Build | Farm |
| 18:24 | Build | Farm |
| 18:36 | Queue | Skirmisher |
| 18:49 | Queue | Villager (Male) |
| 18:51 | Build | Farm |
| 18:52 | Build | Farm |
| 18:56 | Queue | Skirmisher |
| 19:25 | Queue | Villager (Male) |
| 19:29 | Build | House |
| 19:34 | Build | Blacksmith |
| 19:49 | Build | Watch Tower |
| 19:50 | Queue | Villager (Male) |
| 20:04 | Queue | Villager (Male) |
| 20:27 | Build | House |
| 20:44 | Queue | Skirmisher |
| 20:46 | Queue | Villager (Male) |
| 20:57 | Research | Fletching |
| 21:00 | Queue | Villager (Male) |
| 21:03 | Build | Palisade Wall |
| 21:05 | Queue | Villager (Male) |
| 21:13 | Queue | Skirmisher |
| 21:20 | Build | Farm |
| 21:24 | Queue | Skirmisher |
| 21:38 | Queue | Skirmisher |
| 21:39 | Queue | Villager (Male) |
| 21:52 | Queue | Villager (Male) |
| 21:55 | Build | Farm |
| 21:57 | Build | Farm |
| 21:58 | Build | Farm |
| 21:59 | Queue | Villager (Male) |
| 22:23 | Build | Farm |
| 22:23 | Build | Farm |
Build order — Edutosu
First 150 of 1054 actions detected
| 0:01 | Queue | Villager (Male) |
| 0:01 | Queue | Villager (Male) |
| 0:02 | Build | House |
| 0:03 | Build | House |
| 0:12 | Queue | Villager (Male) |
| 0:12 | Queue | Villager (Male) |
| 0:12 | Queue | Villager (Male) |
| 0:16 | Queue | Villager (Male) |
| 0:16 | Queue | Villager (Male) |
| 1:26 | Queue | Villager (Male) |
| 1:27 | Queue | Villager (Male) |
| 1:54 | Build | Lumber Camp |
| 1:54 | Queue | Villager (Male) |
| 1:55 | Queue | Villager (Male) |
| 2:23 | Queue | Villager (Male) |
| 2:54 | Queue | Villager (Male) |
| 2:54 | Queue | Villager (Male) |
| 2:59 | Queue | Villager (Male) |
| 2:59 | Queue | Villager (Male) |
| 3:33 | Queue | Villager (Male) |
| 3:33 | Queue | Villager (Male) |
| 3:59 | Queue | Villager (Male) |
| 4:04 | Build | House |
| 4:42 | Build | Barracks |
| 5:22 | Build | House |
| 5:26 | Queue | Villager (Male) |
| 5:27 | Queue | Militia |
| 5:27 | Queue | Militia |
| 5:27 | Queue | Militia |
| 5:32 | Queue | Villager (Male) |
| 5:32 | Queue | Villager (Male) |
| 6:18 | Queue | Villager (Male) |
| 6:25 | Build | House |
| 6:40 | Build | Mill |
| 6:45 | Queue | Villager (Male) |
| 7:03 | Queue | Villager (Male) |
| 7:22 | Queue | Villager (Male) |
| 7:54 | Research | Loom |
| 8:32 | Research | Feudal Age |
| 8:32 | Research | Feudal Age |
| 9:21 | Build | Lumber Camp |
| 9:22 | Queue | Villager (Male) |
| 9:33 | Build | Mining Camp |
| 10:16 | Queue | Villager (Male) |
| 10:31 | Queue | Militia |
| 10:42 | Age | Feudal Age |
| 10:45 | Queue | Spearman |
| 11:20 | Research | Man-at-Arms (upgrade) |
| 11:21 | Queue | Villager (Male) |
| 11:24 | Research | Double-Bit Axe |
| 11:24 | Research | Horse Collar |
| 11:25 | Research | Horse Collar |
| 11:25 | Queue | Villager (Male) |
| 11:28 | Build | Farm |
| 11:29 | Build | Farm |
| 11:29 | Queue | Villager (Male) |
| 11:40 | Build | House |
| 11:41 | Build | House |
| 11:55 | Build | House |
| 11:57 | Queue | Spearman |
| 12:15 | Build | Farm |
| 12:16 | Build | Farm |
| 12:18 | Build | Farm |
| 12:34 | Research | Arson |
| 12:34 | Research | Arson |
| 12:34 | Queue | Villager (Male) |
| 12:59 | Queue | Spearman |
| 13:01 | Build | Palisade Wall |
| 13:01 | Build | Palisade Wall |
| 13:02 | Build | Palisade Wall |
| 13:04 | Build | Palisade Wall |
| 13:10 | Queue | Spearman |
| 13:14 | Build | Palisade Wall |
| 13:15 | Build | Palisade Wall |
| 13:16 | Build | Palisade Wall |
| 13:18 | Build | Palisade Wall |
| 13:40 | Queue | Villager (Male) |
| 13:50 | Queue | Villager (Male) |
| 13:56 | Build | Archery Range |
| 14:10 | Queue | Spearman |
| 14:19 | Build | Farm |
| 14:20 | Build | Farm |
| 14:21 | Queue | Villager (Male) |
| 14:26 | Build | Palisade Wall |
| 14:39 | Queue | Villager (Male) |
| 14:58 | Queue | Spearman |
| 15:13 | Queue | Villager (Male) |
| 15:32 | Build | Farm |
| 15:54 | Queue | Villager (Male) |
| 15:59 | Queue | Archer |
| 15:59 | Queue | Archer |
| 16:02 | Build | Archery Range |
| 16:04 | Build | Farm |
| 16:06 | Build | Farm |
| 16:20 | Queue | Spearman |
| 16:23 | Build | Farm |
| 16:24 | Build | Farm |
| 16:26 | Queue | Villager (Male) |
| 16:42 | Queue | Spearman |
| 16:47 | Queue | Archer |
| 16:51 | Build | Blacksmith |
| 16:52 | Queue | Villager (Male) |
| 16:55 | Build | House |
| 16:56 | Build | House |
| 16:57 | Build | House |
| 16:58 | Build | House |
| 17:01 | Queue | Archer |
| 17:02 | Queue | Archer |
| 17:03 | Queue | Villager (Male) |
| 17:25 | Queue | Villager (Male) |
| 17:30 | Queue | Villager (Male) |
| 17:31 | Queue | Archer |
| 17:37 | Build | House |
| 17:43 | Queue | Villager (Male) |
| 17:46 | Queue | Archer |
| 17:55 | Build | House |
| 17:58 | Research | Fletching |
| 17:58 | Research | Fletching |
| 18:01 | Queue | Spearman |
| 18:04 | Queue | Villager (Male) |
| 18:04 | Queue | Villager (Male) |
| 18:12 | Build | House |
| 18:21 | Build | House |
| 18:22 | Queue | Archer |
| 18:23 | Queue | Archer |
| 18:36 | Queue | Villager (Male) |
| 18:39 | Queue | Spearman |
| 18:40 | Queue | Villager (Male) |
| 18:44 | Build | House |
| 18:51 | Queue | Spearman |
| 18:54 | Build | House |
| 18:59 | Queue | Villager (Male) |
| 19:00 | Build | House |
| 19:03 | Build | Palisade Wall |
| 19:04 | Build | Palisade Wall |
| 19:06 | Queue | Villager (Male) |
| 19:07 | Queue | Archer |
| 19:08 | Queue | Archer |
| 19:08 | Queue | Archer |
| 19:16 | Build | Farm |
| 19:27 | Build | Palisade Wall |
| 19:29 | Build | Palisade Wall |
| 19:33 | Queue | Villager (Male) |
| 19:34 | Build | House |
| 19:35 | Queue | Archer |
| 19:35 | Queue | Archer |
| 19:37 | Build | Farm |
| 19:53 | Queue | Archer |
| 19:55 | Build | House |
| 20:11 | Build | Farm |
Match timeline
| 4:42 | Edutosu · first_building Barracks |
| 8:15 | Butterfly · first_building Barracks |
| 8:34 | Butterfly · wall_segment Palisade Wall x1 |
| 8:36 | Butterfly · wall_segment Palisade Wall x1 |
| 8:39 | Butterfly · wall_segment Palisade Wall x1 |
| 8:40 | Butterfly · wall_segment Palisade Wall x1 |
| 8:42 | Butterfly · wall_segment Palisade Wall x1 |
| 8:43 | Butterfly · wall_segment Palisade Wall x1 |
| 8:43 | Butterfly · wall_segment Palisade Wall x1 |
| 8:57 | Butterfly · age_up feudal |
| 9:32 | Butterfly · first_building Stable |
| 10:37 | Butterfly · wall_segment Palisade Wall x3 |
| 10:42 | Edutosu · age_up feudal |
| 10:49 | Butterfly · wall_segment Palisade Wall x1 |
| 10:49 | Butterfly · wall_segment Palisade Wall x1 |
| 10:50 | Butterfly · wall_segment Palisade Wall x1 |
| 12:06 | Butterfly · wall_segment Palisade Wall x1 |
| 12:11 | Butterfly · wall_segment Palisade Wall x1 |
| 12:28 | Butterfly · wall_segment Palisade Wall x1 |
| 12:29 | Butterfly · wall_segment Palisade Wall x1 |
| 12:36 | Butterfly · wall_segment Palisade Wall x1 |
| 12:37 | Butterfly · wall_segment Palisade Wall x1 |
| 12:39 | Butterfly · wall_segment Palisade Wall x1 |
| 13:01 | Edutosu · wall_segment Palisade Wall x1 |
| 13:01 | Edutosu · wall_segment Palisade Wall x1 |
| 13:02 | Edutosu · wall_segment Palisade Wall x1 |
| 13:04 | Edutosu · wall_segment Palisade Wall x1 |
| 13:08 | Butterfly · wall_segment Palisade Wall x1 |
| 13:14 | Edutosu · wall_segment Palisade Wall x1 |
| 13:15 | Edutosu · wall_segment Palisade Wall x1 |
| 13:16 | Edutosu · wall_segment Palisade Wall x1 |
| 13:18 | Edutosu · wall_segment Palisade Wall x1 |
| 13:21 | Butterfly · first_building Archery Range |
| 13:56 | Edutosu · first_building Archery Range |
| 14:26 | Edutosu · wall_segment Palisade Wall x1 |
| 16:22 | Butterfly · wall_segment Palisade Wall x7 |
| 16:54 | Butterfly · wall_segment Palisade Wall x1 |
| 17:03 | Butterfly · wall_segment Palisade Wall x4 |
| 17:06 | Butterfly · wall_segment Palisade Wall x9 |
| 19:03 | Edutosu · wall_segment Palisade Wall x8 |
| 19:04 | Edutosu · wall_segment Palisade Wall x1 |
| 19:27 | Edutosu · wall_segment Palisade Wall x1 |
| 19:29 | Edutosu · wall_segment Palisade Wall x2 |
| 20:46 | Edutosu · wall_segment Palisade Wall x5 |
| 21:03 | Butterfly · wall_segment Palisade Wall x1 |
| 21:07 | Edutosu · wall_segment Palisade Wall x7 |
| 21:35 | Edutosu · wall_segment Palisade Wall x10 |
| 23:30 | Edutosu · first_building Stable |
| 24:55 | Butterfly · wall_segment Palisade Wall x1 |
| 26:13 | Edutosu · age_up castle |
| 26:17 | Edutosu · first_building Monastery |
| 26:32 | Butterfly · age_up castle |
| 28:58 | Butterfly · first_building Monastery |
| 33:16 | Butterfly · wall_segment Palisade Wall x1 |
| 38:23 | Butterfly · first_market_sell 500 wood |
| 38:24 | Butterfly · first_market_buy 100 stone |
| 39:04 | Butterfly · first_building Castle |
| 39:15 | Edutosu · age_up imperial |
| 41:49 | Edutosu · first_building Castle |
| 42:42 | Butterfly · age_up imperial |
| 49:13 | Edutosu · first_market_sell 100 food |
| 53:11 | Edutosu · first_market_buy 100 food |
| 72:33 | Butterfly · resign |
[ AI ANALYSIS · 1 CREDIT ]
What really happened in this match?
Wolo.gg analyzes every decision: build order, eco, micro, common mistakes by bracket. Personalized analysis on WhatsApp or Discord in 30 seconds.
Civ guide
Tatars
Perfil
Jugador #11988869